 Dungeon Crawl Stone Soup version 0.27.1-33-g824d729ab1 (webtiles) character file.

Game seed: 5442163913735426337

145 zeram the Sneak (level 5, 0/36 HPs)
             Began as an Octopode Fighter on Dec 25, 2021.
             Slain by a killer bee zombie (5 damage)
             ... on level 3 of the Dungeon.
             The game lasted 00:02:43 (1639 turns).

zeram the Sneak (Octopode Fighter)                  Turns: 1639, Time: 00:02:43

Health: 0/36       AC:  1    Str: 16    XL:     5   Next: 27%
Magic:  5/5        EV: 11    Int: 11    God:
Gold:   128        SH: 10    Dex: 11    Spells: 4/4 levels left

rFire    . . .     SeeInvis .   a - +0 rapier
rCold    . . .     Faith    .   b - +1 kite shield
rNeg     . . .     Spirit   .   (helmet restricted)
rPois    .         Reflect  .   (no amulet)
rElec    .         Harm     .   (no ring)
rCorr    .         Rampage  .   (no ring)
Will     .....                  (no ring)
Stlth    ++++......             (no ring)
HPRegen  0.12/turn              (no ring)
MPRegen  0.09/turn              (no ring)
                                (no ring)
                                (no ring)

@: no status effects
A: almost no armour, amphibious, 8 rings, camouflage 1, gelatinous body 1,
(nimble swimmer 1), tentacles
a: no special abilities


You were on level 3 of the Dungeon.
You visited 1 branch of the dungeon, and saw 3 of its levels.

You collected 128 gold pieces.

Inventory:

Hand Weapons
 a - a +0 rapier (weapon)
Armour
 b - a +1 kite shield (worn)
Potions
 c - a potion of might
 e - a potion of mutation
 f - a potion of curing
 g - a potion of brilliance {unknown}
 h - a potion of heal wounds {unknown}


   Skills:
 - Level 3.0 Fighting
 - Level 2.0 Short Blades
 - Level 3.0 Dodging
 + Level 6.4 Stealth
 + Level 3.5 Shields


You had 4 spell levels left.
You didn't know any spells.
Your spell library contained the following spells:

 Spells                   Type           Power      Damage    Failure   Level
 Slow                     Hex            0%         N/A       93%         2
 Confusing Touch          Hex            0%         N/A       99%         3
 Ignite Poison            Fire/Tmut/Pois 0%         N/A       99%         3
 Inner Flame              Hex/Fire       0%         N/A       99%         3
 Mephitic Cloud           Conj/Pois/Air  0%         N/A       99%         3
 Cause Fear               Hex            0%         N/A       100%        4
 Bolt of Magma            Conj/Fire/Erth 0%         4d4       100%        5
 Yara's Violent Unravell  Hex/Tmut       0%         3d3       100%        5
 Discord                  Hex            0%         N/A       100%        8


Dungeon Overview and Level Annotations

Branches:
Dungeon (3/15)

Altars:


Innate Abilities, Weirdness & Mutations

You cannot wear most types of armour.
You are amphibious.
You can wear up to eight rings at the same time.
Your skin changes colour to match your surroundings (Stealth+).
Your rubbery body absorbs attacks. (AC +1, EV +1)
((You are camouflaged near water. (Stealth+)))
You have tentacles for arms and can constrict up to eight enemies at once.


Message History

You are too injured to fight recklessly!
You are too injured to fight recklessly!
You are too injured to fight recklessly!
You are too injured to fight recklessly!
You are too injured to fight recklessly!
You are too injured to fight recklessly!
You are too injured to fight recklessly!
You are too injured to fight recklessly!
You are too injured to fight recklessly!
You are too injured to fight recklessly!
You are too injured to fight recklessly!
You are too injured to fight recklessly!
You are too injured to fight recklessly!
You are too injured to fight recklessly!
You are too injured to fight recklessly!
The killer bee zombie hits you.
The killer bee zombie barely misses you.
You block the killer bee zombie's attack.
You block the killer bee zombie's attack.
You block the killer bee zombie's attack.
There is an open door here.
The killer bee zombie hits you.
You are too injured to fight recklessly!
You are too injured to fight recklessly!
You are too injured to fight recklessly!
You are too injured to fight recklessly!
You closely miss the killer bee zombie. Your grab misses the killer bee zombie.
The killer bee zombie hits you.
* * * LOW HITPOINT WARNING * * *
The killer bee zombie hits you.
* * * LOW HITPOINT WARNING * * *
The killer bee zombie barely misses you.
You barely miss the killer bee zombie. You grab the killer bee zombie.
You squeeze the killer bee zombie, but do no damage.
You constrict the killer bee zombie. The killer bee zombie misses you.
The killer bee zombie closely misses you.
You hit the killer bee zombie.
The killer bee zombie is lightly damaged.
You constrict the killer bee zombie. The killer bee zombie hits you.
You die...

...###.............
...................
.
#......#+##........
.#.>....#.##........
...................
##...#.#.#..[......
+...+.#.#.......K.
#...###.#.........
+..ZZ@..#.##....##
#...#####.# ....#
#####...# #.. )....
#.......# #.. ....
#.......# #.......#
#.......# #.......#
#.......#


You could see a killer bee zombie and an adder skeleton.

Vanquished Creatures
  9 adders
  A worm (D:2)
  2 dart slugs (D:2)
  3 orcs (D:2)
  11 ball pythons
  5 endoplasms
  6 giant cockroaches
  3 goblins
  5 hobgoblins
  A quokka (D:1)
  A bat (D:1)
  5 kobolds
  4 rats (D:1)
56 creatures vanquished.

Notes
Turn   | Place    | Note
-------+----------+-------------------------------------------
     0 | D:1      | zeram the Octopode Fighter began the quest for the Orb.
     0 | D:1      | Reached XP level 1. HP: 16/16 MP: 1/1
    74 | D:1      | Reached skill level 1 in Stealth
    89 | D:1      | Reached skill level 2 in Stealth
    97 | D:1      | Reached XP level 2. HP: 21/21 MP: 2/2
   218 | D:1      | Reached skill level 3 in Stealth
   437 | D:1      | Reached XP level 3. HP: 26/26 MP: 3/3
   537 | D:2      | Reached skill level 4 in Stealth
   636 | D:2      | Found a faded altar of an unknown god.
   842 | D:2      | Reached XP level 4. HP: 27/31 MP: 4/4
   929 | D:2      | Reached skill level 5 in Stealth
  1372 | D:2      | Reached skill level 6 in Stealth
  1372 | D:2      | Reached XP level 5. HP: 36/36 MP: 5/5
  1639 | D:3      | Slain by a killer bee zombie

Illustrated notes

Levels and vault maps discovered:
D:1:      doesnt_arrival_eight_statues, layout_basic, grunt_decor_mini_mirrors
D:2:      layout_basic, chequers_ecumenical_altar_simple_redux,
          minmay_snake_closets
D:3:      layout_basic

Skill      XL: |  1  2  3  4 |
---------------+-------------+-----
Stealth        | 2 3 4 6 |  6.4
Fighting       | |  3.0
Short Blades   | |  2.0
Dodging        | |  3.0
Shields        | |  3.5

Action                   |  1- 3 |  4- 6 || total
-------------------------+-------+-------++-------
Melee: Rapier            |    55 |    34 ||    89
       Constrict         |    14 |     5 ||    19
       Tentacles         |    10 |     5 ||    15
  Use: Scroll            |       |     4 ||     4
 Stab: Sleeping          |    12 |    10 ||    22
       Distracted        |     1 |       ||     1
Armor: Skin              |     1 |       ||     1
Dodge: Dodged            |    14 |    18 ||    32
Block: Kite shield       |    15 |    13 ||    28
